 Dungeon Crawl Stone Soup version 0.30-a0-165-g1891117ce2 (webtiles) character file.

Game seed: 477818353592982047

5721 Sobieck the Grappler (level 10, -2/104 HPs)
             Began as a Troll Gladiator on Sept 28, 2022.
             Was a Priest of Wu Jian.
             Slain by a large slime creature (18 damage)
             ... on level 9 of the Dungeon.
             The game lasted 00:11:52 (6791 turns).

Sobieck the Grappler (Troll Gladiator)              Turns: 6791, Time: 00:11:52

Health: -2/104     AC: 12    Str: 26    XL:     10   Next: 48%
Magic:  9/9        EV:  9    Int:  6    God:    Wu Jian [***...]
Gold:   380        SH:  0    Dex: 11    Spells: 9/9 levels left

rFire   . . .      SeeInvis .      - Unarmed
rCold   + . .      Faith    .    (no shield)
rNeg    . . .      Spirit   .    V - +2 acid dragon scales
rPois   +          Reflect  .    b - +0 hat
rElec   .          Harm     .    L - +1 cloak {rPois}
rCorr   +          Rampage  .    (gloves unavailable)
Will    .....                    (boots unavailable)
Stlth   +.........               (no amulet)
HPRegen 1.07/turn                D - ring of flight
MPRegen 0.11/turn                F - ring of protection from cold

@: flying
A: large, unfitting armour, claws 3, regeneration 1, shaggy fur 1, tough skin 1
a: Renounce Religion, Wall Jump, Serpent's Lash


You were on level 9 of the Dungeon.
You worshipped Wu Jian.
Wu Jian was most pleased with you.
You visited 1 branch of the dungeon, and saw 9 of its levels.

You collected 510 gold pieces.
You spent 130 gold pieces at shops.


Innate Abilities, Weirdness & Mutations

You are too large for most types of armour.
You have claws for hands.
Your natural rate of healing is unusually fast.
You are covered in fur. (AC +1)
You have tough skin. (AC +1)


   Skills:
 + Level 7.8 Fighting
 - Level 1.7 Throwing
 - Level 2.4 Dodging
 * Level 13.1 Unarmed Combat


You had 9 spell levels left.
You didn't know any spells.
Your spell library contained the following spells:

 Spells                   Type           Power      Damage    Failure   Level
 Apportation              Tloc           0%         N/A       52%         1
 Kiss of Death            Conj/Necr      0%         2d5       52%         1
 Call Canine Familiar     Summ           0%         N/A       88%         3
 Confusing Touch          Hex            0%         N/A       88%         3
 Portal Projectile        Hex/Tloc       0%         N/A       88%         3
 Dispel Undead            Necr           0%         3d6       99%         4
 Leda's Liquefaction      Hex/Erth       0%         N/A       99%         4
 Alistair's Intoxication  Tmut/Pois      0%         N/A       100%        5
 Blade Hands              Tmut           0%         N/A       100%        5
 Irradiate                Conj/Tmut      0%         3d11      100%        5
 Yara's Violent Unravell  Hex/Tmut       0%         3d3       100%        5
 Dragon Form              Tmut           0%         N/A       100%        7
 Enfeeble                 Hex            0%         N/A       100%        7

Inventory:

Missiles
 c - 4 throwing nets (quivered) {=f!fthrowing}
 d - a large rock {=fthrowing}
 i - 91 stones {throwing}
 k - 23 poisoned darts {throwing}
 l - 4 boomerangs {throwing}
 T - 2 curare-tipped darts {=fthrowing}
Armour
 b - a +0 hat (worn)
 L - a +1 cloak of poison resistance (worn)
   (You took it off Crazy Yiuf on level 6 of the Dungeon)
 V - +2 acid dragon scales (worn)
   (You took it off Maggie on level 8 of the Dungeon)
Magical Staves
 J - a staff of poison {!astaff}
   (You found it on level 6 of the Dungeon)
 Y - a staff of conjuration {!a@e2staff}
   (You found it on level 8 of the Dungeon)
Jewellery
 D - a ring of flight (left claw)
   (You found it on level 6 of the Dungeon)
 F - a ring of protection from cold (right claw)
   (You found it on level 6 of the Dungeon)
Wands
 E - a wand of mindburst (28)
   (You found it on level 6 of the Dungeon)
 R - a wand of charming (9)
   (You took it off an orc wizard on level 7 of the Dungeon)
Scrolls
 f - 4 scrolls of magic mapping {!r}
 g - 4 scrolls of fog
 h - 3 scrolls of teleportation {@r4}
 j - a scroll of immolation {!r!r}
 s - 2 scrolls of enchant armour
 z - a scroll of blinking {!r}
 X - a scroll of vulnerability {!r!r}
Potions
 a - a potion of cancellation {unknown}
 e - 3 potions of heal wounds {@q2}
 o - a potion of degeneration {!q@e2}
 u - a potion of berserk rage {!q}
 w - 2 potions of might
 A - a potion of attraction {!q}
 I - a potion of mutation {!q}
 K - a potion of magic
 M - 3 potions of curing {@q1}
 O - a potion of resistance
 W - a potion of haste {@q3}
 Z - a potion of brilliance {unknown}

Dungeon Overview and Level Annotations

Branches:
Dungeon (9/15) Zot: 26266  Temple (0/1) D:7
   Lair: D:8-11         Orc: D:9-12

Altars:
Cheibriados
Fedhas
Hepliaklqana
Kikubaaqudgha
Makhleb
Nemelex Xobeh
Okawaru
Ru
Trog
Wu Jian

Shops:
D:4

[ ..# #...##.#### ..#
#.........#.#
..#####..######.#.#
..............# .###
..............# ...
...#####....#.# .. .
#### #....#.# .###..#
########.#....###J......
.........#......@J......
.##..##..#..#..#.J#..#..
........................
###################### #


You could see a large slime creature and 2 slime creatures.


Message History

The kobold hits you but does no damage.
You spin and attack the kobold.
You claw the kobold!
You kill the kobold!
The Council accepts your kill.
Unknown command.
Unknown command.
Unknown command.
Unknown command.
k - 23 poisoned darts {throwing} (gained 7)
Items here: )))) [[ †.
Unknown command.
T - 2 curare-tipped darts {=fthrowing} (gained 1)
Things that are here:
a +0 dagger {short}; a kobold corpse Unknown command.
A centaur comes into view.
You see here 5 stones {throwing}.
Danger!
The centaur shouts!
The centaur wields a +0 shortbow.
The centaur shoots an arrow.
The arrow hits you.
The centaur shoots an arrow.
The arrow hits you.
The centaur shoots an arrow.
The arrow hits you!
The centaur shoots an arrow.
The arrow misses you.
The centaur unwields a +0 shortbow.
The centaur barely misses you.
The centaur kicks you but does no damage.
You mangle the centaur!!
You kill the centaur!
The Council accepts your kill.
No target in view!
e - 3 potions of heal wounds {@q2} (gained 1)
i - 91 stones {throwing} (gained 5)
You now have 380 gold pieces (gained 6).
a - a fizzy amethyst potion A slime creature comes into view.
The slime creature quivers.
A slime creature comes into view.
Danger!
A slime creature comes into view.
The slime creature quivers. x2
A slime creature comes into view.
The slime creature quivers. 2 slime creatures come into view.
You lunge at the slime creature.
The slime creature quivers. x2
You mangle the slime creature!!
The slime creature hits you but does no damage.
You scratch the slime creature but do no damage.
The slime creature hits you but does no damage.
The slime creature hits you!
You mangle the slime creature!! You claw the slime creature.
You kill the slime creature!
The Council accepts your kill. The slime creature closely misses you.
The slime creature hits you!
Your Unarmed Combat skill increases to level 13!
You are too injured to fight recklessly!
You are too injured to fight recklessly!
You are too injured to fight recklessly!
Unknown command.
You mangle the slime creature!!
The slime creature hits you but does no damage. x2
You mangle the slime creature!!
Unknown command.
You mangle the slime creature!!
You kill the slime creature!
The Council accepts your kill. The slime creature hits you.
The slime creature barely misses you.
You barely miss the slime creature. You claw the slime creature!!
The slime creature hits you!
Two slime creatures merge to form a large slime creature.
The slime creature hits you!
You mangle the slime creature!! The slime creature closely misses you.
The slime creature barely misses you.
You completely miss the slime creature. You claw the large slime creature!
The slime creature hits you but does no damage.
The slime creature hits you!
* * * LOW HITPOINT WARNING * * *
You claw the large slime creature!
The slime creature hits you but does no damage.
The slime creature hits you!
* * * LOW HITPOINT WARNING * * *
The large slime creature completely misses you.
Unknown command.
You mangle the large slime creature!! The slime creature closely misses you.
The slime creature hits you!
* * * LOW HITPOINT WARNING * * *
The large slime creature hits you but does no damage.
You mangle the large slime creature!!
Unknown command.
You mangle the large slime creature!! The slime creature hits you!
* * * LOW HITPOINT WARNING * * *
The slime creature hits you but does no damage.
The large slime creature hits you but does no damage.
You mangle the large slime creature!!
You claw the large slime creature, but do no damage.
The slime creature hits you.
* * * LOW HITPOINT WARNING * * *
The slime creature closely misses you. The large slime creature hits you!!
You die...

Skill      XL: |  1  2  3  4  5  6  7  8  9 10 |
---------------+-------------------------------+-----
Fighting       | 2 3 4 6 7 |  7.8
Unarmed Combat | 4 5 6 8 10 12 13 | 13.1
Throwing       | |  1.7
Dodging        | |  2.4

Action                   |  1- 3 |  4- 6 |  7- 9 | 10-12 || total
-------------------------+-------+-------+-------+-------++-------
Melee: Unarmed           |    85 |   136 |   217 |    72 ||   510
       Punch             |       |     2 |    10 |     6 ||    18
Invok: Lunge             |       |    10 |    27 |     5 ||    42
       Whirlwind         |       |       |    41 |    16 ||    57
  Use: Potion            |       |       |     4 |       ||     4
       Scroll            |       |       |    15 |       ||    15
 Stab: Sleeping          |       |       |     1 |       ||     1
Armor: Robe              |    28 |    35 |       |       ||    63
       Steam dragon scal |       |       |    53 |       ||    53
       Acid dragon scale |       |       |    16 |    51 ||    67
Dodge: Dodged            |    27 |    56 |   103 |    26 ||   212

Levels and vault maps discovered:
D:1:      saegor_arrival_simple_a, layout_basic
D:2:      layout_basic, basic_altar, ebering_ecumenical_altar_hall,
          minmay_split_cup_large
D:3:      layout_basic, old_standard_altar, grunt_temple_overflow_bloody_war
D:4:      layout_loops_cross, nicolae_overflow_hidden_temple, serial_shops,
          nicolae_shop_hallway_plus
D:5:      dreamdust_elfheim, layout_basic, chequers_serial_rivers_room_b,
          chequers_serial_rivers_room_b, serial_bayou_lagoon_a
D:6:      layout_rooms, amethyst_overflow_temple_binary,
          uniq_crazy_yiuf_cottage, uniq_edmund, uniq_duvessa
D:7:      layout_basic, kennysheep_vampire_church, nemelex_spade_bored_becter,
          minmay_temple_entry_statues_pillars, reono_crystal_passage,
          uniq_joseph
D:8:      layout_loops_ring, kennysheep_island_fort, uniq_maggie
D:9:      layout_stronghold, serial_column_ruins, column_ruins_hut_water,
          column_ruins_grid_4, column_ruins_columns_T, column_ruins_open_tiny,
          column_ruins_grid_3, column_ruins_columns_T

Notes
Turn   | Place    | Note
-------+----------+-------------------------------------------
     0 | D:1      | Sobieck the Troll Gladiator began the quest for the Orb.
     0 | D:1      | Reached XP level 1. HP: 19/19 MP: 0/0
   183 | D:1      | Reached XP level 2. HP: 24/28 MP: 1/1
   391 | D:1      | You pick up a book of Transfigurations {@e2} and begin
                  | reading...
   391 | D:1      | You add the spells Irradiate, Blade Hands and Dragon Form
                  | to your library.
   576 | D:3      | Reached skill level 2 in Fighting
   590 | D:3      | Found a burning altar of Makhleb.
   673 | D:4      | Reached XP level 3. HP: 33/35 MP: 2/2
   681 | D:4      | Reached skill level 4 in Unarmed Combat
   683 | D:4      | Reached XP level 4. HP: 27/44 MP: 3/3
   713 | D:4      | Found an ornate altar of the Wu Jian Council.
   794 | D:5      | Entered Level 5 of the Dungeon
   858 | D:5      | Reached skill level 5 in Unarmed Combat
   858 | D:5      | Reached XP level 5. HP: 24/50 MP: 4/4
   970 | D:5      | Identified the +2 chain mail of Seaserix {rC- Will+ Regen+
                  | rCorr}
   987 | D:5      | Reached skill level 3 in Fighting
  1193 | D:4      | Found a snail-covered altar of Cheibriados.
  1193 | D:4      | Found a hazy altar of Hepliaklqana.
  1204 | D:4      | Became a worshipper of the Wu Jian Council
  1459 | D:2      | Reached XP level 6. HP: 61/61 MP: 5/5
  1487 | D:2      | Found a faded altar of an unknown god.
  1644 | D:2      | You pick up a book of Touch and begin reading...
  1644 | D:2      | You add the spells Kiss of Death, Confusing Touch and
                  | Dispel Undead to your library.
  1939 | D:2      | Reached skill level 6 in Unarmed Combat
  1961 | D:2      | Found a snail-covered altar of Cheibriados.
  2511 | D:3      | Found a bloodstained altar of Trog.
  2511 | D:3      | Found an iron altar of Okawaru.
  2561 | D:3      | Reached * piety under Wu Jian
  3050 | D:4      | Found Seutio's Antique Armour Emporium.
  3055 | D:4      | Bought a cloak for 130 gold pieces
  3234 | D:4      | Noticed a steam dragon
  3242 | D:4      | Killed a steam dragon
  3243 | D:4      | Reached XP level 7. HP: 47/68 MP: 6/6
  3436 | D:5      | Reached skill level 7 in Unarmed Combat
  3437 | D:5      | Reached skill level 4 in Fighting
  3777 | D:6      | Noticed Duvessa
  3777 | D:6      | Noticed Dowan
  3859 | D:6      | Killed Duvessa
  3860 | D:6      | Reached skill level 8 in Unarmed Combat
  3872 | D:6      | Killed Dowan
  3897 | D:6      | You pick up a book of Misfortune and begin reading...
  3897 | D:6      | You add the spells Yara's Violent Unravelling and Enfeeble
                  | to your library.
  3931 | D:6      | Reached XP level 8. HP: 79/79 MP: 7/7
  3989 | D:6      | Noticed Edmund
  3995 | D:6      | Killed Edmund
  3996 | D:6      | Reached skill level 5 in Fighting
  3996 | D:6      | Reached skill level 9 in Unarmed Combat
  4078 | D:6      | You pick up a book of Party Tricks and begin reading...
  4078 | D:6      | You add the spells Apportation and Alistair's Intoxication
                  | to your library.
  4134 | D:6      | Found a sacrificial altar of Ru.
  4145 | D:6      | Found a blossoming altar of Fedhas.
  4150 | D:6      | You pick up a book of the Hunter and begin reading...
  4150 | D:6      | You add the spells Call Canine Familiar, Portal Projectile
                  | and Leda's Liquefaction to your library.
  4215 | D:6      | Found a runed translucent door.
  4216 | D:6      | Noticed Crazy Yiuf
  4381 | D:6      | Killed Crazy Yiuf
  4484 | D:7      | Found a staircase to the Ecumenical Temple.
  4695 | D:7      | Reached ** piety under Wu Jian
  4993 | D:7      | Found an ancient bone altar of Kikubaaqudgha.
  5017 | D:7      | Reached skill level 10 in Unarmed Combat
  5044 | D:7      | Found a sparkling altar of Nemelex Xobeh.
  5147 | D:7      | Noticed Joseph
  5159 | D:7      | Killed Joseph
  5160 | D:7      | Reached skill level 6 in Fighting
  5160 | D:7      | Reached XP level 9. HP: 64/89 MP: 8/8
  5333 | D:8      | Noticed Maggie
  5339 | D:8      | Killed Maggie
  5441 | D:8      | Reached skill level 11 in Unarmed Combat
  5787 | D:8      | Noticed a manticore
  5797 | D:8      | Killed a manticore
  6085 | D:9      | You pick up a book of Touch and begin reading...
  6131 | D:9      | Reached skill level 7 in Fighting
  6131 | D:9      | Reached skill level 12 in Unarmed Combat
  6224 | D:9      | Reached *** piety under Wu Jian
  6226 | D:9      | Reached XP level 10. HP: 92/102 MP: 9/9
  6239 | D:9      | HP: 25/102 [orc warrior/+0 dire flail (7)]
  6503 | D:9      | Identified the +7 flail "Koets" {pain, Str+4 Int+2}
  6674 | D:9      | Noticed a soul eater
  6780 | D:9      | Reached skill level 13 in Unarmed Combat
  6788 | D:9      | HP: 24/104 [slime creature (15)]
  6791 | D:9      | Slain by a large slime creature

Vanquished Creatures
  A manticore (D:8)
  Joseph (D:7)
  Maggie (D:8)
  2 kobold demonologists (D:9)
  2 hornets (D:9)
  2 slime creatures (D:9)
  3 steam dragons
  Edmund (D:6)
  A water moccasin (D:7)
  3 orc warriors (D:9)
  Duvessa (D:6)
  3 ogres (D:6)
  3 centaurs
  4 kobold brigands
  A necrophage (D:7)
  A gnoll sergeant (D:8)
  A bullfrog (D:8)
  2 scorpions (D:5)
  5 wights (D:9)
  Dowan (D:6)
  2 vampire bats (D:7)
  5 jellies
  3 hounds
  5 orc priests
  9 orc wizards
  Crazy Yiuf (D:6)
  2 iguanas
  9 adders
  14 gnolls
  A shadow imp (D:5)
  2 worms
  4 dart slugs
  19 orcs
  2 ball pythons
  6 bats
  A bat skeleton (D:7)
  4 bat zombies (D:7)
  4 endoplasms
  3 giant cockroaches (D:4)
  8 goblins
  3 hobgoblins
  6 jackals
  4 quokkas
  9 kobolds
  2 rats
167 creatures vanquished.

Table legend:
 A = Non-vault XP
 B = Vault XP
 C = Vault XP percentage of total XP
 D = Non-vault monster count
 E = Vault monster count
 F = Vault count percentage of total count
                 A         B        C        D         E       F
            +---------+---------+-------+---------+---------+-------
      Total |    6033 |    2140 |  26.2 |     146 |      21 |  12.6
            +---------+---------+-------+---------+---------+-------
        D:1 |      23 |       0 |   0.0 |      10 |       0 |   0.0
        D:2 |     137 |      18 |  11.6 |      21 |       4 |  16.0
        D:3 |      35 |      13 |  27.1 |      12 |       1 |   7.7
        D:4 |     359 |       0 |   0.0 |      18 |       0 |   0.0
        D:5 |     457 |       0 |   0.0 |      20 |       0 |   0.0
        D:6 |     697 |     397 |  36.3 |      14 |       4 |  22.2
        D:7 |     435 |     584 |  57.3 |       9 |       8 |  47.1
        D:8 |     677 |    1128 |  62.5 |      14 |       4 |  22.2
        D:9 |    3213 |       0 |   0.0 |      28 |       0 |   0.0
            +---------+---------+-------+---------+---------+-------

Illustrated notes

Table legend:
 A = Kills in this place as a percentage of kills in entire the game.
 B = Kills by you in this place as a percentage of kills by you in the entire game.
 C = Kills by friends in this place as a percentage of kills by friends in the entire game.
 D = Other kills in this place as a percentage of other kills in the entire game.
 E = Experience gained in this place as a percentage of experience gained in the entire game.
 F = Experience gained in this place divided by the number of levels of this place that you have seen.
                   A       B       C       D       E      F
               +-------+-------+-------+-------+-------+----------------------
         Total | 100.0 | 100.0 |   N/A |   N/A | 100.0 | 908.1
       Dungeon | 100.0 | 100.0 |   N/A |   N/A | 100.0 | 908.1
               +-------+-------+-------+-------+-------+----------------------

Table legend: (Time is in decaauts)
 A = Elapsed time spent in this place.
 B = Non-inter-level travel time spent in this place.
 C = Inter-level travel time spent in this place.
 D = Time resting spent in this place.
 E = Time spent auto-exploring this place.
 F = Levels seen in this place.
 G = Mean time per level.
                   A        B        C        D        E       F      G
               +--------+--------+--------+--------+--------+-----+--------+
         Total |   6754 |   6349 |    405 |    256 |   5104 |   9 |  750.4 |
       Dungeon |   6754 |   6349 |    405 |    256 |   5104 |   9 |  750.4 |
               +--------+--------+--------+--------+--------+-----+--------+

Top non-repeatable levels by time:
     D:2: 957 daAuts
     D:5: 862 daAuts
     D:7: 820 daAuts
     D:4: 820 daAuts
     D:8: 769 daAuts
     D:9: 732 daAuts
     D:3: 647 daAuts
     D:6: 611 daAuts
     D:1: 532 daAuts
